AoeStats
← EL LEON

Arabia

510023044Analyzed
1v1 RM · 4d ago on Sep 29, 2026· 29m 25s· 2 players
Game mode
Random Map
Map size
Tiny (2 player)
Population
200
Speed
Normal
Resources
Standard
Victory
Conquest
Starting age
Dark Age
Ending age
Imperial Age
RankedLock teamsTeams togetherTeam positionsShared explorationLock speedFull tech treeHidden civsTurbo modeCheats
Victory
Defeat
🇦🇷 Goths · Argentina
1081
+16
🇧🇷 Vikings · Brazil
1088
-16
EL LEON
0:57 Loom
9:53 Feudal Age
13:12 Double-Bit Axe
18:09 Castle Age
22:56 Horse Collar
Nickado
6:40 Loom
6:42 Loom
9:36 Feudal Age
12:59 Double-Bit Axe
15:22 Fletching
16:24 Horse Collar
22:01 Castle Age
20:32 Padded Archer Armor
20:38 Gold Mining
21:17 Man-at-Arms
21:43 Arson
22:19 Crossbowman
24:33 Long Swordsman
25:14 Squires
25:35 Bow Saw
25:52 Bodkin Arrow
Connection lost

Rejoining the realm…

Still unreachable

The connection could not be restored.

Session expired

The server has moved on; the page needs a fresh start.